 Dungeon Crawl Stone Soup version 0.28-a0-1038-g9c4cb8273d (webtiles) character file.

Game seed: 15584280713985846958

48 horus123 the Distorting Demonspawn (level 3, 0/29 HPs)
             Began as a Demonspawn Abyssal Knight on Dec 8, 2021.
             Was a Believer of Lugonu.
             Succumbed to an adder's poison
             ... on level 2 of the Dungeon.
             The game lasted 00:02:50 (1989 turns).

horus123 the Distorting Demonspawn (DsAK)           Turns: 1989, Time: 00:02:50

Health: 0/29       AC:  3    Str: 15    XL:     3   Next: 50%
Magic:  6/6        EV: 11    Int: 11    God:    Lugonu [**....]
Gold:   42         SH:  4    Dex: 13    Spells: 2/2 levels left

rFire   . . .      SeeInvis .   a - +1 spear
rCold   . . .      Faith    .   (no shield)
rNeg    . . .      Spirit   .   b - +0 leather armour
rPois   .          Reflect  .   (no helmet)
rElec   .          Harm     .   (no cloak)
rCorr   .          Rampage  .   (no gloves)
Will    .....                   (no boots)
Stlth   +.........              (no amulet)
HPRegen 0.09/turn               (no ring)
MPRegen 0.10/turn               (no ring)

@: lethally poisoned (0 -> -1)
A: claws 1, condensation shield
a: Renounce Religion, Depart the Abyss, Bend Space


You were on level 2 of the Dungeon.
You worshipped Lugonu.
Lugonu was pleased with you.
You visited 1 branch of the dungeon, and saw 2 of its levels.
You visited the Abyss 1 time.

You collected 42 gold pieces.

Inventory:

Hand Weapons
 a - a +1 spear (weapon)
Armour
 b - a +0 leather armour (worn)
Scrolls
 d - 2 scrolls of identify
 e - 2 scrolls of fear
 f - a scroll of magic mapping {unknown}
Potions
 g - a potion of experience {unknown}


   Skills:
 - Level 3.0 Fighting
 - Level 1.7 Polearms
 - Level 1.7 Armour
 - Level 0.8 Dodging
 + Level 5.1 Invocations


You had 2 spell levels left.
You didn't know any spells.
Your spell library contained the following spells:

 Spells                   Type           Power      Damage    Failure   Level
 Beastly Appendage        Tmut           0%         N/A       41%         1
 Wereblood                Tmut           0%         N/A       54%         2
 Spider Form              Tmut/Pois      0%         N/A       78%         3


Dungeon Overview and Level Annotations

Branches:
Dungeon (2/15)

Altars:


Innate Abilities, Weirdness & Mutations

You have sharp fingernails.
A meltable shield of frost defends you. (SH +4)


Message History

You feel sick. The adder barely misses you. The adder misses you.
You hit the adder.
The adder is heavily wounded.
You feel sick.
You are no longer poisoned.
The adder barely misses you.
You hit the adder but do no damage.
The adder is heavily wounded.
The adder closely misses you.
You hit the adder.
The adder is severely wounded.
The adder bites you.
You are poisoned.
The adder poisons you! The adder bites you but does no damage.
You hit the adder.
The adder is severely wounded.
You feel sick. The adder bites you but does no damage.
You hit the adder.
You kill the adder!
Lugonu accepts your kill.
You feel sick.
Your Invocations skill increases to level 5!
You barely miss the quokka.
You feel sick. The quokka misses you.
You hit the quokka.
The quokka is almost dead.
You feel sick. The quokka bites you.
* * * LOW HITPOINT WARNING * * *
You closely miss the quokka.
The quokka is severely wounded.
* * * LOW HITPOINT WARNING * * *
You feel sick. The quokka bites you.
* * * LOW HITPOINT WARNING * * *
The quokka closely misses you.
You completely miss the quokka.
The quokka is severely wounded.
* * * LOW HITPOINT WARNING * * *
You feel sick. The quokka barely misses you.
You closely miss the quokka.
The quokka is severely wounded.
You die...

... ########.# #>#..
.........### #.#.#######
............ #.#.#......
.........##. #.#.#.#####
.........##.## #.#.#.# #
.........# ..# #.#.#.# #
.........# #.# ###'#'#'#####
.........# #@# #............
.........###r####............
.................†...........
........#.............#'#####
........#.............#.#
#########.............#.#
##............#.# #..
#............#.# #..
#............#+###..


You could see a quokka.

Vanquished Creatures
  2 adders (D:2)
  3 endoplasms
  4 hobgoblins
  3 quokkas
  5 ball pythons (D:1)
  4 bats
  A goblin (D:1)
  3 kobolds (D:1)
  8 rats
33 creatures vanquished.

Vanquished Creatures (others)
  5 plants (D:1)
5 creatures vanquished.

Grand Total: 38 creatures vanquished

Notes
Turn   | Place    | Note
-------+----------+-------------------------------------------
     0 | Abyss:1  | horus123 the Demonspawn Abyssal Knight began the quest for
                  | the Orb.
     0 | Abyss:1  | Reached XP level 1. HP: 18/18 MP: 2/2
    14 | Abyss:1  | Found a corrupted altar of Lugonu.
    19 | D:1      | Escaped the Abyss
   114 | D:1      | Reached skill level 3 in Invocations
   352 | D:1      | Gained mutation: You have sharp fingernails. [demonic
                  | ancestry]
   352 | D:1      | Reached XP level 2. HP: 24/24 MP: 4/4
   734 | D:1      | Reached ** piety under Lugonu
   740 | D:1      | Reached skill level 4 in Invocations
  1298 | D:2      | Gained mutation: A meltable shield of frost defends you.
                  | (SH +4) [demonic ancestry]
  1298 | D:2      | Reached XP level 3. HP: 7/29 MP: 6/6
  1985 | D:2      | Reached skill level 5 in Invocations
  1988 | D:2      | HP: 1/29 [poisoned by an adder]
  1989 | D:2      | Succumbed to an adder's poison

Illustrated notes

Levels and vault maps discovered:
D:1:      saegor_arrival_simple_b, layout_loops_ring, serial_bayou,
          serial_bayou_lagoon_a, serial_bayou_shore_b, serial_bayou_pond_b,
          serial_bayou_pond_d
D:2:      layout_basic, basic_altar

Skill      XL: |  1  2  3 |
---------------+----------+-----
Invocations    | 3 4 5 |  5.1
Fighting       | |  3.0
Polearms       | |  1.7
Armour         | |  1.7
Dodging        | |  0.8

Action                   || total
-------------------------++-------
Melee: Spear             ||   152
Invok: Bend Space        ||     1
  Use: Scroll            ||     3
       Potion            ||     1
 Stab: Sleeping          ||     3
Armor: Leather armour    ||    38
Dodge: Dodged            ||    67
Block: Other             ||     5

Table legend: (Time is in decaauts)
 A = Elapsed time spent in this place.
 B = Non-inter-level travel time spent in this place.
 C = Inter-level travel time spent in this place.
 D = Time resting spent in this place.
 E = Time spent auto-exploring this place.
 F = Levels seen in this place.
 G = Mean time per level.
                   A        B        C        D        E       F      G
               +--------+--------+--------+--------+--------+-----+--------+
         Total |   2008 |   1977 |     31 |    221 |   1487 |   3 |  669.3 |
       Dungeon |   1989 |   1958 |     31 |    221 |   1473 |   2 |  994.5 |
         Abyss |     19 |     19 |      0 |      0 |     14 |   1 |   19.0 |
               +--------+--------+--------+--------+--------+-----+--------+

Top non-repeatable levels by time:
     D:1: 1246 daAuts
     D:2: 743 daAuts
 Abyss:1: 19 daAuts
